 Dungeon Crawl Stone Soup version 0.29-a0-243-g602b31c20e (webtiles) character file.

Game seed: 2969516484787668897

468 esteth the Transmogrifier (level 7, 0/52 HPs)
             Began as a Gnoll Wanderer on Mar 4, 2022.
             Was a Believer of Sif Muna.
             Slain by a gnoll shaman
             ... wielding a +0 whip
              (12 damage)
             ... on level 5 of the Dungeon.
             The game lasted 00:08:06 (4252 turns).

esteth the Transmogrifier (Gnoll Wanderer)          Turns: 4252, Time: 00:08:07

Health: 0/52       AC:  6    Str:  8    XL:     7   Next: 8%
Magic:  15/15      EV: 14    Int: 17    God:    Sif Muna [**....]
Gold:   241        SH:  0    Dex: 11    Spells: 16/17 levels left

rFire   . . .      SeeInvis .   A - +8 frozen axe "Frostbite" {freezing cloud, *Noise Fly rC+}
rCold   + . .      Faith    .   (shield currently unavailable)
rNeg    . . .      Spirit   .   g - +0 ring mail
rPois   .          Reflect  .   k - +0 helmet
rElec   .          Harm     .   (no cloak)
rCorr   .          Rampage  .   (no gloves)
Will    .....                   (no boots)
Stlth   +.........              (no amulet)
HPRegen 0.17/turn               E - +4 ring of evasion
MPRegen 0.14/turn               Y - +4 ring of slaying

@: flying
A: fangs 1, strong nose, distributed training
a: Renounce Religion, Channel Magic


You were on level 5 of the Dungeon.
You worshipped Sif Muna.
Sif Muna was pleased with you.
You visited 1 branch of the dungeon, and saw 5 of its levels.

You collected 241 gold pieces.


Innate Abilities, Weirdness & Mutations

You have very sharp teeth.
Your uncanny sense of smell can sniff out nearby items.
Your experience applies equally to all skills.


   Skills:
 + Level 3.4 Fighting
 + Level 2.2 Short Blades
 + Level 2.2 Long Blades
 + Level 2.2 Axes
 + Level 2.2 Maces & Flails
 + Level 2.2 Polearms
 + Level 2.2 Staves
 + Level 2.2 Slings
 + Level 2.2 Bows
 + Level 2.2 Crossbows
 + Level 2.2 Throwing
 + Level 2.2 Armour
 + Level 2.2 Dodging
 + Level 2.2 Stealth
 + Level 3.4 Shields
 + Level 2.2 Unarmed Combat
 + Level 5.5 Spellcasting
 + Level 1.8 Conjurations
 + Level 1.8 Hexes
 + Level 1.8 Summonings
 + Level 1.8 Necromancy
 + Level 1.8 Translocations
 + Level 9.0 Transmutations
 + Level 1.8 Fire Magic
 + Level 1.8 Ice Magic
 + Level 1.8 Air Magic
 + Level 1.8 Earth Magic
 + Level 1.8 Poison Magic
 + Level 2.5 Invocations
 + Level 3.4 Evocations


You had 16 spell levels left.
You knew the following spells:

 Your Spells              Type           Power      Damage    Failure   Level
s - Sting                 Tmut/Pois      92%        1d7       4%          1

Your spell library contained the following spells:

 Spells                   Type           Power      Damage    Failure   Level
 Passwall                 Tmut/Erth      19%        N/A       7%          2
 Sandblast                Erth           22%        2d7       19%         1
 Ignite Poison            Fire/Tmut/Pois 19%        N/A       22%         3
 Corpse Rot               Necr/Air       22%        N/A       28%         2
 Poisonous Vapours        Pois/Air       22%        N/A       28%         2
 Ice Form                 Ice/Tmut       23%        N/A       41%         4
 Mephitic Cloud           Conj/Pois/Air  11%        N/A       50%         3
 Stone Arrow              Conj/Erth      22%        3d8       50%         3
 Freezing Cloud           Conj/Ice/Air   5%         6-21      99%         5

Inventory:

Hand Weapons
 a - a +0 dagger
 h - a +0 broad axe
   (You found it on level 1 of the Dungeon)
 t - the +8 short sword of an ice cave {antimagic, SInv}
   (You found it on level 3 of the Dungeon)

   It reduces the magical energy of the wielder, and disrupts the spells and
   magical abilities of those it strikes.
   Natural abilities and divine invocations are not affected.
   SInv:      It lets you see invisible.
 A - the +8 frozen axe "Frostbite" (weapon) {freezing cloud, *Noise Fly rC+}
   (You found it on level 3 of the Dungeon)

   It freezes those it strikes, dealing additional cold damage.
   It can also slow down cold-blooded creatures.
   It occasionally leaves clouds of freezing vapour upon striking a foe.
   It grants immunity to clouds of freezing vapour.
   rC:        It protects you from cold.
   Fly:       It grants you flight.
   *Noise:    It may make noises in combat.
Missiles
 e - 107 stones
 q - 7 poisoned darts
Armour
 b - a +1 buckler
 c - a +0 robe
 g - a +0 ring mail (worn)
   (You found it on level 1 of the Dungeon)
 i - a +0 leather armour
   (You found it on level 1 of the Dungeon)
 k - a +0 helmet (worn)
   (You found it on level 1 of the Dungeon)
 l - a +0 ring mail
   (You found it on level 1 of the Dungeon)
 s - a +0 ring mail
   (You found it on level 3 of the Dungeon)
 w - a +0 robe
   (You took it off an orc wizard on level 3 of the Dungeon)
 x - a +0 chain mail
   (You took it off an orc on level 3 of the Dungeon)
 G - a +0 robe
   (You found it on level 4 of the Dungeon)
Jewellery
 E - a +4 ring of evasion (left hand)
   (You found it on level 1 of the Dungeon)
 N - a ring of positive energy
   (You found it on level 5 of the Dungeon)
 Y - a +4 ring of slaying (right hand)
   (You found it on level 2 of the Dungeon)
Wands
 J - a wand of iceblast (10)
   (You found it on level 5 of the Dungeon)
Scrolls
 p - 2 scrolls of identify {unknown}
 u - a scroll of blinking {unknown}
 v - 2 scrolls of noise {unknown}
 y - 2 scrolls of enchant weapon {unknown}
 z - a scroll of brand weapon {unknown}
 B - a scroll of fog
 F - 3 scrolls of immolation {unknown}
 I - a scroll of torment {unknown}
 K - a scroll of summoning {unknown}
 M - a scroll of vulnerability {unknown}
Potions
 d - a potion of attraction {!q}
 f - a potion of heal wounds {unknown}
 j - a potion of might {unknown}
 m - a potion of brilliance {unknown}
 n - a potion of curing {unknown}
 o - a potion of lignification {unknown}
 r - a potion of berserk rage {unknown}
 C - a potion of ambrosia {unknown}
 D - a potion of degeneration {unknown}
 H - a potion of haste {unknown}
 L - a potion of flight {unknown}

Dungeon Overview and Level Annotations

Branches:
Dungeon (5/15)
 Temple: D:4-7

Altars:
Sif Muna

Shops:
D:1

* .. #'# #.# #o# ∆ .. #.#
∆ #.##.# #..#.# #.#.#
#...#
#.#.################..##
#........@g..<.........##
###.##########.####.....##
........###.......†
####...............
#.........g.....
#.......†.....##
#.......g#..o#.. ∆ ∆
#........#...#.#
#........#+#.g.#


You could see a gnoll shaman.


Message History

N - a ring of positive energy You now have 241 gold pieces (gained 18).
M - a scroll labelled ZANKYSKOBAL
Found a stone staircase leading up.
An orc warrior comes into view. It is wielding a +0 mace.
The orc warrior shouts!
You hear a shout! x2 2 orcs come into view.
An orc is wielding a +0 vorpal trident.
An orc is wielding a +0 club and carrying a wand of flame (12).
The orc shouts! x2; You hear a shout!
An orc wizard comes into view. It is wielding a +0 dagger.
An orc comes into view. It is wielding a +0 club.
The orc wizard moves out of view.
An orc comes into view. It is wielding a +0 hand axe.
The orc wizard shouts!
The orc shouts!
You hear a shout! x2
The orc wizard casts a spell.
The orc wizard flickers and vanishes!
Deactivating autopickup; reactivate with Ctrl-A.
You hear a shout!
You hear a shout!
The orc warrior hits you with a +0 mace.
A gnoll shaman comes into view. It is wielding a +0 whip.
The orc hits you from afar with a +0 vorpal trident.
You hear a shout! 😕 HP[-12]
You take 12 damage, and now have 40/52 hp.
MASSIVE DAMAGE!! (PAUSE)
You barely miss the orc warrior. The orc warrior barely misses you.
The orc barely misses you.
The orc warrior hits you with a +0 mace. 😮 HP[-4]
You take 4 damage, and now have 36/52 hp.
You slash the orc warrior! You freeze the orc warrior.
The orc closely misses you.
The orc warrior hits you with a +0 mace.
The orc hits you from afar with a +0 vorpal trident. 😮 HP[-7]
You take 7 damage, and now have 29/52 hp.
You barely miss the orc warrior.
The orc warrior hits you with a +0 mace!
* * * LOW HITPOINT WARNING * * *
The orc hits you but does no damage.
The orc warrior hits you with a +0 mace.
* * * LOW HITPOINT WARNING * * *
The orc misses you.
A gnoll comes into view. It is wielding a +0 whip. 😱 HP[-22]
You take 22 damage, and now have 7/52 hp.
MASSIVE DAMAGE!! (PAUSE)
Okay, then.
Okay, then.
Okay, then. 😱 HP[+1] 😱 HP[+1] 😱 HP[+1]
There is a stone staircase leading up here.
The orc warrior barely misses you.
You fly upwards.
Reactivating autopickup.
There is a stone staircase leading down here. 😱 HP[+1] 😱 HP[+1] 😱 HP[+1] 😨 HP[+1] 😨 HP[+1] 😨 HP[+1] 😨 HP[+1]
There is a stone staircase leading down here.
You fly downwards.
There is a stone staircase leading up here.
You start resting.
A gnoll comes into view.
It is wielding a +0 halberd. 😨 HP[+1] 😨 HP[+1]
You start resting.
A gnoll is nearby! 😨 HP[+1]
You closely miss the gnoll. The gnoll barely misses you.
The gnoll hits you with a +0 halberd!
* * * LOW HITPOINT WARNING * * *
😱 HP[-8]
You take 8 damage, and now have 12/52 hp.
You slash the gnoll! You freeze the gnoll. You bite the gnoll.
The gnoll completely misses you. The gnoll hits you with a +0 halberd.
* * * LOW HITPOINT WARNING * * *
😱 HP[-1]
You take 1 damage, and now have 11/52 hp.
You closely miss the gnoll. The gnoll barely misses you. The gnoll misses you.
You barely miss the gnoll.
You hear the raging winds of a snowstorm.
You hear a shout! x3
The gnoll misses you. The gnoll closely misses you.
You barely miss the gnoll. The gnoll misses you. 😱 HP[+1]
You completely miss the gnoll. The gnoll barely misses you. x2
You slice the gnoll!! You freeze the gnoll.
You kill the gnoll!
Sif Muna accepts your kill.
You barely miss the gnoll shaman.
The gnoll shaman hits you with a +0 whip!
You die...

Skill      XL: |  1  2  3  4  5  6 |
---------------+-------------------+-----
Spellcasting   | 5 |  5.5
Invocations    | 1 2 |  2.5
Short Blades   | 1 2 |  2.2
Long Blades    | 1 2 |  2.2
Axes           | 1 2 |  2.2
Maces & Flails | 1 2 |  2.2
Polearms       | 1 2 |  2.2
Staves         | 1 2 |  2.2
Slings         | 1 2 |  2.2
Bows           | 1 2 |  2.2
Crossbows      | 1 2 |  2.2
Throwing       | 1 2 |  2.2
Armour         | 1 2 |  2.2
Dodging        | 1 2 |  2.2
Stealth        | 1 2 |  2.2
Unarmed Combat | 1 2 |  2.2
Conjurations   | 1 |  1.8
Hexes          | 1 |  1.8
Summonings     | 1 |  1.8
Necromancy     | 1 |  1.8
Translocations | 1 |  1.8
Fire Magic     | 1 |  1.8
Ice Magic      | 1 |  1.8
Air Magic      | 1 |  1.8
Earth Magic    | 1 |  1.8
Poison Magic   | 1 |  1.8
Fighting       | 3 |  3.4
Shields        | 3 |  3.4
Evocations     | 3 |  3.4
Transmutations | 9 |  9.0

Action                   |  1- 3 |  4- 6 |  7- 9 || total
-------------------------+-------+-------+-------++-------
Melee: Dagger            |    23 |       |       ||    23
       Bite              |     9 |     4 |     2 ||    15
       Broad axe         |    90 |    50 |       ||   140
       Executioner's axe |       |    13 |    23 ||    36
 Cast: Sting             |    12 |    21 |       ||    33
  Use: Scroll            |     3 |       |       ||     3
 Stab: Distracted        |     1 |       |       ||     1
Armor: Robe              |     9 |       |       ||     9
       Ring mail         |    45 |    21 |     3 ||    69
Dodge: Dodged            |    98 |    41 |    26 ||   165
Block: Buckler           |    33 |    13 |       ||    46

Levels and vault maps discovered:
D:1:      dpeg_arrival_simpleton_a, layout_basic, serial_shops, shop
D:2:      layout_loops_ring, nicolae_ecumenical_pavilion
D:3:      layout_loops_ring, uniq_grinder
D:4:      layout_rooms, kennysheep_boxes
D:5:      layout_basic, minmay_temple_entry_poolview

Notes
Turn   | Place    | Note
-------+----------+-------------------------------------------
     0 | D:1      | esteth the Gnoll Wanderer began the quest for the Orb.
     0 | D:1      | esteth set off with the following items: a +0 dagger, a +0
                  | buckler, a +0 robe, a potion of attraction {!q}; and the
                  | following spell memorised: Sting; and the following spells
                  | available to memorise: Ignite Poison, Ice Form
     0 | D:1      | Reached XP level 1. HP: 17/17 MP: 6/6
     0 | D:1      | magus.rc [v1.11.3]
   440 | D:1      | Reached XP level 2. HP: 20/23 MP: 3/7
  1029 | D:1      | You add the spells Mephitic Cloud and Freezing Cloud to
                  | your library.
  1234 | D:1      | Found Amuvasan's Assorted Antiques.
  1517 | D:2      | Found a faded altar of an unknown god.
  1531 | D:2      | Prayed at the altar of an unknown god.
  1531 | D:2      | Became a worshipper of Sif Muna the Loreminder
  1531 | D:2      | Reached * piety under Sif Muna
  1565 | D:2      | Reached XP level 3. HP: 26/28 MP: 9/9
  1613 | D:2      | Reached skill level 5 in Spellcasting
  1775 | D:2      | You pick up a book of Vapours and begin reading...
  1775 | D:2      | You add the spells Poisonous Vapours and Corpse Rot to your
                  | library.
  1923 | D:2      | Reached skill level 1 in Invocations
  2266 | D:2      | Reached skill level 1 in Short Blades
  2266 | D:2      | Reached skill level 1 in Long Blades
  2266 | D:2      | Reached skill level 1 in Axes
  2266 | D:2      | Reached skill level 1 in Maces & Flails
  2266 | D:2      | Reached skill level 1 in Polearms
  2266 | D:2      | Reached skill level 1 in Staves
  2266 | D:2      | Reached skill level 1 in Slings
  2266 | D:2      | Reached skill level 1 in Bows
  2266 | D:2      | Reached skill level 1 in Crossbows
  2266 | D:2      | Reached skill level 1 in Throwing
  2266 | D:2      | Reached skill level 1 in Armour
  2266 | D:2      | Reached skill level 1 in Dodging
  2266 | D:2      | Reached skill level 1 in Stealth
  2266 | D:2      | Reached skill level 1 in Unarmed Combat
  2409 | D:3      | Noticed a black bear
  2417 | D:3      | Killed a black bear
  2418 | D:3      | Reached skill level 1 in Conjurations
  2418 | D:3      | Reached skill level 1 in Hexes
  2418 | D:3      | Reached skill level 1 in Summonings
  2418 | D:3      | Reached skill level 1 in Necromancy
  2418 | D:3      | Reached skill level 1 in Translocations
  2418 | D:3      | Reached skill level 1 in Fire Magic
  2418 | D:3      | Reached skill level 1 in Ice Magic
  2418 | D:3      | Reached skill level 1 in Air Magic
  2418 | D:3      | Reached skill level 1 in Earth Magic
  2418 | D:3      | Reached skill level 1 in Poison Magic
  2418 | D:3      | Reached XP level 4. HP: 27/34 MP: 8/11
  2418 | D:3      | Reached XP level 5. HP: 32/40 MP: 8/12
  2493 | D:3      | Reached ** piety under Sif Muna
  2503 | D:3      | Reached skill level 3 in Fighting
  2503 | D:3      | Reached skill level 3 in Shields
  2503 | D:3      | Reached skill level 3 in Evocations
  2697 | D:3      | Identified the +8 short sword of an ice cave {antimagic,
                  | SInv}
  2834 | D:3      | Noticed Grinder
  2842 | D:3      | Paralysed by Grinder for 5 turns
  2864 | D:3      | Paralysed by Grinder for 4 turns
  2870 | D:3      | Killed Grinder
  2871 | D:3      | Reached skill level 2 in Short Blades
  2871 | D:3      | Reached skill level 2 in Long Blades
  2871 | D:3      | Reached skill level 2 in Axes
  2871 | D:3      | Reached skill level 2 in Maces & Flails
  2871 | D:3      | Reached skill level 2 in Polearms
  2871 | D:3      | Reached skill level 2 in Staves
  2871 | D:3      | Reached skill level 2 in Slings
  2871 | D:3      | Reached skill level 2 in Bows
  2871 | D:3      | Reached skill level 2 in Crossbows
  2871 | D:3      | Reached skill level 2 in Throwing
  2871 | D:3      | Reached skill level 2 in Armour
  2871 | D:3      | Reached skill level 2 in Dodging
  2871 | D:3      | Reached skill level 2 in Stealth
  2871 | D:3      | Reached skill level 2 in Unarmed Combat
  2871 | D:3      | Reached skill level 2 in Invocations
  2871 | D:3      | Reached XP level 6. HP: 23/47 MP: 2/14
  3437 | D:3      | Found the +8 frozen axe "Frostbite" {freezing cloud, *Noise
                  | Fly rC+}
  3664 | D:4      | Reached skill level 9 in Transmutations
  3777 | D:4      | You pick up a book of Geomancy and begin reading...
  3777 | D:4      | You add the spells Sandblast, Passwall and Stone Arrow to
                  | your library.
  3926 | D:4      | Reached XP level 7. HP: 52/52 MP: 15/15
  4021 | D:5      | Entered Level 5 of the Dungeon
  4168 | D:5      | HP: 12/52 [orc warrior/+0 mace (17)]
  4245 | D:5      | HP: 12/52 [gnoll/+0 halberd (8)]
  4252 | D:5      | Slain by a gnoll shaman

Vanquished Creatures
  Grinder (D:3)
  A black bear (D:3)
  An orc wizard (D:3)
  7 adders
  A gnoll (D:5)
  2 worms
  4 dart slugs
  4 orcs
  8 ball pythons
  7 endoplasms
  A giant cockroach (D:2)
  5 hobgoblins
  3 jackals (D:1)
  6 quokkas
  5 bats
  7 frilled lizards (D:2)
  2 goblins
  9 kobolds
  5 rats
79 creatures vanquished.

Table legend:
 A = Non-vault XP
 B = Vault XP
 C = Vault XP percentage of total XP
 D = Non-vault monster count
 E = Vault monster count
 F = Vault count percentage of total count
                 A         B        C        D         E       F
            +---------+---------+-------+---------+---------+-------
      Total |     397 |     272 |  40.7 |      78 |       1 |   1.3
            +---------+---------+-------+---------+---------+-------
        D:1 |      26 |       0 |   0.0 |      16 |       0 |   0.0
        D:2 |      48 |       0 |   0.0 |      25 |       0 |   0.0
        D:3 |     227 |     272 |  54.5 |      20 |       1 |   4.8
        D:4 |      60 |       0 |   0.0 |      12 |       0 |   0.0
        D:5 |      36 |       0 |   0.0 |       5 |       0 |   0.0
            +---------+---------+-------+---------+---------+-------

Illustrated notes

Table legend:
 A = Kills in this place as a percentage of kills in entire the game.
 B = Kills by you in this place as a percentage of kills by you in the entire game.
 C = Kills by friends in this place as a percentage of kills by friends in the entire game.
 D = Other kills in this place as a percentage of other kills in the entire game.
 E = Experience gained in this place as a percentage of experience gained in the entire game.
 F = Experience gained in this place divided by the number of levels of this place that you have seen.
                   A       B       C       D       E      F
               +-------+-------+-------+-------+-------+----------------------
         Total | 100.0 | 100.0 |   N/A |   N/A | 100.0 | 133.8
       Dungeon | 100.0 | 100.0 |   N/A |   N/A | 100.0 | 133.8
               +-------+-------+-------+-------+-------+----------------------

Table legend: (Time is in decaauts)
 A = Elapsed time spent in this place.
 B = Non-inter-level travel time spent in this place.
 C = Inter-level travel time spent in this place.
 D = Time resting spent in this place.
 E = Time spent auto-exploring this place.
 F = Levels seen in this place.
 G = Mean time per level.
                   A        B        C        D        E       F      G
               +--------+--------+--------+--------+--------+-----+--------+
         Total |   4362 |   4248 |    114 |      8 |   3495 |   5 |  872.4 |
       Dungeon |   4362 |   4248 |    114 |      8 |   3495 |   5 |  872.4 |
               +--------+--------+--------+--------+--------+-----+--------+

Top non-repeatable levels by time:
     D:1: 1534 daAuts
     D:3: 1210 daAuts
     D:2: 927 daAuts
     D:4: 485 daAuts
     D:5: 206 daAuts
